 Dungeon Crawl Stone Soup version 0.30-a0-862-g1aabd4f9c5 (console) character file.

Game seed: 11487007938366569144

122181 jejorda2 the Phalangite (level 16, -29/136 HPs)
             Began as a Merfolk Berserker on Mar 9, 2023.
             Was a High Priest of Trog.
             Killed from afar by Asterion (31 damage)
             ... with an iron shot
             ... on level 1 of the Spider Nest.
             The game lasted 01:12:17 (22542 turns).

jejorda2 the Phalangite (Merfolk Berserker)        Turns: 22542, Time: 01:12:17

Health: -29/136    AC: 37    Str: 26    XL:     16   Next: 87%
Magic:  1/14       EV: 11    Int:  7    God:    Trog [*****.]
Gold:   654        SH:  0    Dex: 17    Spells: 15/15 levels left

rFire   . . .      SeeInvis .    a - +3 bardiche (heavy)
rCold   . . .      Faith    .    (shield currently unavailable)
rNeg    . . .      Spirit   .    Z - +5 plate armour of the Nexus {rPois Str+3 Dex-3}
rPois   +          Reflect  .    m - +1 helmet of Bafuh {rCorr}
rElec   .          Rampage  .    w - +1 cloak "Ypsueddi" {Will+ Dex+5}
rCorr   +                        u - +2 pair of gloves {hurl}
Will    ++++.                    y - +2 pair of boots Stlth
                                 h - amulet of regeneration
HPRegen 2.22/turn                l - +4 ring of protection
MPRegen 0.14/turn                D - +4 ring of protection

@: strong-willed, on berserk cooldown, regenerating, slowed, very slow
A: (nimble swimmer 2), mertail, low MP 1
a: Renounce Religion, Berserk, Trog's Hand, Brothers in Arms


You were on level 1 of the Spider Nest.
You worshipped Trog.
Trog was extremely pleased with you.
You visited 4 branches of the dungeon, and saw 23 of its levels.
You visited 1 bazaar.
You also visited: Sewer and Ossuary.

You collected 2335 gold pieces.
You spent 1681 gold pieces at shops.

Inventory:

Hand Weapons
 a - a +3 heavy bardiche (weapon)
 b - a +5 halberd of flaming
Missiles
 j - 156 stones (quivered)
 k - 3 curare-tipped darts
 n - 9 javelins
 t - 51 poisoned darts
 E - 5 boomerangs
 L - 3 datura-tipped darts
 U - 4 throwing nets
Armour
 c - a +3 scale mail of fire resistance
 d - a +2 chain mail of cold resistance
 m - the +1 helmet of Bafuh (worn) {rCorr}
   (You bought it in a shop on level 2 of the Orcish Mines)

   rCorr:     It protects you from acid and corrosion.
 u - a +2 pair of gloves of hurling (worn)
 w - the +1 cloak "Ypsueddi" (worn) {Will+ Dex+5}
   (You acquired it on level 7 of the Dungeon)

   Dex:       It affects your dexterity (+5).
   Will:      It increases your willpower.
 y - a +2 pair of boots (worn)
 Z - the +5 plate armour of the Nexus (worn) {rPois Str+3 Dex-3}
   (You bought it in a shop on level 11 of the Dungeon)

   Str:       It affects your strength (+3).
   Dex:       It affects your dexterity (-3).
   rPois:     It protects you from poison.
Jewellery
 h - an amulet of regeneration (around neck)
 l - a +4 ring of protection (left hand)
 x - a ring of fire
 D - a +4 ring of protection (right hand)
 J - the ring of Anarchy {*Corrode AC+4 Dex+3 SInv Stlth+}
   (You took it off a gnoll bouda on level 9 of the Dungeon)

   [ring of protection]

   AC:        It affects your AC (+4).
   Dex:       It affects your dexterity (+3).
   SInv:      It lets you see invisible.
   *Corrode:  It may corrode you when you take damage.
   Stlth:     It makes you more stealthy.
 Q - a ring of positive energy
Wands
 r - a wand of mindburst (8)
 v - a wand of polymorph (6)
 C - a wand of acid (13)
 P - a wand of roots (24)
 T - a wand of paralysis (11)
 W - a wand of flame (8)
Scrolls
 o - 5 scrolls of poison
 q - 3 scrolls of fear
 A - 3 scrolls of fog
 B - a scroll of enchant armour
 F - 2 scrolls of magic mapping
 I - 10 scrolls of teleportation
 O - 3 scrolls of butterflies
 R - a scroll of silence
 S - 2 scrolls of blinking
 V - a scroll of immolation
 X - 3 scrolls of enchant weapon
Potions
 e - 5 potions of mutation
 f - 3 potions of might
 g - 5 potions of heal wounds
 i - 5 potions of cancellation
 p - 7 potions of haste
 s - 20 potions of curing
 z - 2 potions of flight
 G - a potion of berserk rage
 H - 3 potions of invisibility
 K - 3 potions of attraction
 M - 3 potions of ambrosia
 N - 5 potions of lignification
Miscellaneous
 Y - a condenser vane (inert)


   Skills:
 + Level 15.3 Fighting
 - Level 24.0 Polearms
 * Level 14.5 Throwing
 + Level 6.6 Armour
 - Level 8.0 Dodging
 - Level 6.0 Evocations


You had 15 spell levels left.
You didn't know any spells.
Your spell library was empty.

Dungeon Overview and Level Annotations

Branches:
Dungeon (15/15)            Temple (0/1) D:4            Lair (5/5) D:11
 Shoals (0/4) Lair:3       Spider (1/4) Lair:3        Slime (0/5) Lair:4
    Orc (2/2) D:9             Elf (0/3) Orc:2        Vaults (0/5) D:13
 Depths (0/4) D:15          Sewer (visited)         Ossuary (visited)

Altars:
Dithmenos
Fedhas
Gozag
Hepliaklqana
Okawaru
Ru
Sif Muna
Trog
Vehumet
Wu Jian
Xom
Zin

Shops:
D:8 !   D:11 *   Orc:2 ?[!*

Annotations:
D:5 2 transporters, Pokonic1's ghost, novice MiBe
Spider:1 2 transporters, Asterion; cforsyth's ghost, journeyman DEEE


Innate Abilities, Weirdness & Mutations

((You are very nimble when in or above water. (Stealth+, EV+, Speed+++)))
Your lower body shifts to a powerful aquatic tail in water.
Your magical capacity is low. (-10% MP)


Message History

The wolf spider is engulfed in blazing flames.
Unknown command.
Asterion blocks your attack.
Asterion is severely wounded.
Asterion misses you. Asterion barely misses you.
The wolf spider is engulfed in blazing flames.
The wolf spider hits you!
* * * LOW HITPOINT WARNING * * *
The wolf spider bites you but does no damage.
The cacodemon hits you but does no damage. x2
Unknown command.
Asterion blocks your attack.
Asterion is severely wounded.
Asterion hits you but does no damage.
You writhe in agony.
* * * LOW HITPOINT WARNING * * *
Asterion gores you but does no damage.
The wolf spider is engulfed in blazing flames.
The wolf spider hits you but does no damage.
The wolf spider bites you but does no damage.
A tarantella comes into view.
Unknown command.
Asterion blocks your attack.
Asterion is severely wounded.
The tarantella's many legs skitter faintly.
Asterion hits you but does no damage.
You writhe in agony.
* * * LOW HITPOINT WARNING * * *
Asterion gores you but does no damage.
A moth of wrath comes into view.
The wolf spider is engulfed in blazing flames.
You kill the wolf spider!
Trog accepts your kill.
The wolf spider hits you but does no damage.
The wolf spider barely misses you.
The cacodemon hits you but does no damage. x2
You are no longer berserk.
You are exhausted.
You feel yourself slow down.
Asterion conjures a destructive force in the name of Makhleb!
The iron shot hits you!!
You die...

#..##w~#.##.y#s~##..#..#.........
##..##8.....~.8##..>##......#....
##..##..y.~..##..####...........
##..##.###$##......†..........#
##..##...##....########.......
##..#####..#.## #......>
##.......##.# ##.^.#..
##.....###.# #..#... ####### #@#
#...... #.# #.#.... #2Hs# #####..
##§☼s. #.. #☼☼§s.y # ##§§○....
##○°... §§§.. # .§... #


You could see Asterion (fast, reflecting), a cacodemon (summoned), a wolf
spider, a tarantella and a redback.

Vanquished Creatures
  Saint Roka (Orc:2)
  Jorgrun (Orc:1)
  Rupert (Orc:2)
  Agnes (Spider:1)
  2 spark wasps (Spider:1)
  A dire elephant (Lair:5)
  Josephine (Spider:1)
  A fire dragon (D:14)
  The ghost of BigDaddyOpFi the Protected, a journeyman AtFi of Okawaru (D:11)
  A vault guard (D:13)
  6 hydras
  Harold (Lair:1)
  An ogre mage (D:15)
  Erolcha (Orc:2)
  A catoblepas (Lair:4)
  10 two-headed ogres
  Erica (Lair:1)
  9 centaur warriors
  2 boulder beetles (D:15)
  A merfolk avatar (Lair:5)
  9 death yaks
  A tengu warrior (D:15)
  Urug (D:12)
  2 skysharks (Lair:5)
  2 orb spiders (Spider:1)
  2 sea snakes (Lair:5)
  A flayed ghost (D:13)
  A wizard (D:14)
  An obsidian statue (D:11)
  3 deep elf pyromancers
  A steelbarb worm (Spider:1)
  3 orc knights (Orc:2)
  A necromancer (D:15)
  9 ugly things
  3 manticores
  4 orc sorcerers
  An oklob plant (Lair:5)
  7 cyclopes
  8 wolf spiders (Spider:1)
  Joseph (Lair:1)
  A moth of wrath (Spider:1)
  Maurice (D:8)
  11 elephants
  4 black mambas
  3 torpor snails (Spider:1)
  2 demonic crawlers (Spider:1)
  A centaur skeleton (D:15)
  11 cane toads
  A gargoyle (D:15)
  3 kobold demonologists
  5 rime drakes
  An unseen horror (D:13)
  6 yaktaurs
  A freezing wraith (D:14)
  9 komodo dragons
  An efreet (D:13)
  3 tengu conjurers
  5 polar bears
  6 trolls
  3 meliai (D:13)
  Grinder (D:5)
  2 hornets (Lair:5)
  4 dream sheep
  4 tarantellas (Spider:1)
  15 blink frogs
  2 harpy skeletons (D:15)
  9 jumping spiders
  A meliai zombie (D:15)
  3 snapping turtles (Lair:5)
  5 culicivoras (Spider:1)
  9 slime creatures
  4 shadows
  49 yaks
  5 wyverns
  A basilisk (Lair:4)
  A steam dragon (Lair:5)
  Grum (D:8)
  4 wraiths
  14 redbacks
  2 vampire mosquitoes (D:10)
  4 wargs
  2 acid dragons
  17 water moccasins
  2 sky beasts
  2 black bears
  32 orc warriors
  2 ice beasts
  9 ogres
  19 wolves
  19 centaurs
  A phantom (D:5)
  7 kobold brigands
  7 bullfrogs
  A gnoll sergeant (D:9)
  3 scorpions
  7 wights
  12 killer bees
  5 howler monkeys
  5 electric eels
  2 centaur zombies
  2 jellies
  A hound (D:6)
  9 orc priests
  3 sleepcaps
  An iguana (D:5)
  2 gnoll boudas (D:9)
  Jessica (D:2)
  Ijyb (D:5)
  8 orc wizards
  6 mummies (Ossuary)
  11 gnolls
  16 adders
  4 river rats (Sewer)
  A shadow imp (D:6)
  3 white imps
  An ufetubus (D:7)
  2 worms (D:2)
  A dart slug (D:3)
  40 orcs
  9 ball pythons
  11 bats
  9 endoplasms
  5 giant cockroaches
  5 goblins
  5 hobgoblins
  6 jackals
  6 quokkas
  6 frilled lizards
  5 hobgoblin zombies (Ossuary)
  36 kobolds
  21 rats
714 creatures vanquished.

Vanquished Creatures (collateral kills)
  A wraith (D:11)
1 creature vanquished.

Vanquished Creatures (others)
  14 fungi
  69 plants
83 creatures vanquished.

Grand Total: 798 creatures vanquished

Notes
Turn   | Place    | Note
-------+----------+-------------------------------------------
     0 | D:1      | jejorda2 the Merfolk Berserker began the quest for the Orb.
     0 | D:1      | Reached XP level 1. HP: 18/18 MP: 1/1
    98 | D:1      | Reached XP level 2. HP: 24/24 MP: 2/2
   164 | D:1      | Found a faded altar of an unknown god.
   591 | D:1      | Reached XP level 3. HP: 29/29 MP: 3/3
   822 | D:2      | Reached skill level 5 in Polearms
   866 | D:2      | Identified the +5 battleaxe "Moofar" {freeze, Str+3}
   878 | D:2      | Found a shimmering altar of Xom.
  1004 | D:2      | Noticed Jessica
  1009 | D:2      | Killed Jessica
  1010 | D:2      | Reached XP level 4. HP: 37/37 MP: 4/4
  1010 | D:2      | Reached ** piety under Trog
  2107 | D:3      | Reached skill level 6 in Polearms
  2107 | D:3      | Reached XP level 5. HP: 42/42 MP: 5/5
  2612 | D:4      | Noticed a centaur
  2621 | D:4      | Killed a centaur
  2627 | D:4      | Reached XP level 6. HP: 49/49 MP: 6/6
  2655 | D:4      | Reached skill level 7 in Polearms
  2826 | D:4      | Found a staircase to the Ecumenical Temple.
  3312 | D:5      | Entered Level 5 of the Dungeon
  3342 | D:5      | Found a glowing drain.
  3355 | D:5      | Noticed Ijyb
  3357 | D:5      | Noticed Grinder
  3388 | D:5      | Reached skill level 5 in Fighting
  3395 | D:5      | Killed Ijyb
  3400 | D:5      | Reached XP level 7. HP: 45/56 MP: 4/7
  3404 | D:5      | Killed Grinder
  3405 | D:5      | Reached skill level 8 in Polearms
  3445 | Sewer    | Entered a sewer
  3562 | Sewer    | Reached *** piety under Trog
  3694 | Sewer    | Reached skill level 9 in Polearms
  3694 | Sewer    | Reached XP level 8. HP: 64/64 MP: 8/8
  4141 | D:5      | Found a shadowy altar of Dithmenos.
  4206 | D:5      | Reached skill level 10 in Polearms
  4331 | D:5      | Found a transporter.
  4331 | D:5      | Noticed Pokonic1's ghost (novice MiBe)
  4341 | D:5      | Found a transporter.
  4807 | D:6      | Reached skill level 1 in Throwing
  5013 | D:6      | Reached skill level 11 in Polearms
  5193 | D:6      | Reached XP level 9. HP: 69/69 MP: 9/9
  5316 | D:6      | Found an ornate altar of the Wu Jian Council.
  5414 | D:7      | Reached **** piety under Trog
  5484 | D:7      | Found a blossoming altar of Fedhas.
  5548 | D:7      | Found a shimmering blue altar of Sif Muna.
  5597 | D:7      | Reached skill level 12 in Polearms
  5676 | D:7      | Found a sand-covered staircase.
  5679 | D:7      | Noticed a two-headed ogre
  5683 | Ossuary  | Entered an ossuary
  5688 | Ossuary  | Reached skill level 5 in Armour
  5853 | D:7      | Killed a two-headed ogre
  5854 | D:7      | Reached skill level 13 in Polearms
  5958 | D:7      | Reached XP level 10. HP: 76/76 MP: 8/10
  6458 | D:7      | Identified 2 scrolls of acquirement
  6458 | D:7      | Acquired the +3 bardiche "Legucvez" {elec, Str+2}
  6459 | D:7      | Acquired the +1 cloak "Ypsueddi" {Will+ Dex+5}
  6517 | D:8      | Found a sacrificial altar of Ru.
  6670 | D:8      | Noticed Grum
  6674 | D:8      | Killed Grum
  6699 | D:8      | Reached skill level 5 in Throwing
  6703 | D:8      | Reached skill level 14 in Polearms
  6983 | D:8      | Noticed Maurice
  7002 | D:8      | Killed Maurice
  7246 | D:8      | Found Xever's Distillery.
  7252 | D:8      | Bought a potion of flight for 33 gold pieces
  7252 | D:8      | Bought a potion of attraction for 33 gold pieces
  7549 | D:9      | You fall into a shaft and drop 1 floor!
  7549 | D:10     | Entered Level 10 of the Dungeon
  7709 | D:10     | Reached skill level 15 in Polearms
  8400 | D:9      | Found a glowing silver altar of Zin.
  8400 | D:9      | Found a radiant altar of Vehumet.
  8437 | D:11     | Found a flickering gateway to a bazaar.
  8454 | Bazaar   | Entered a bazaar
  8517 | Bazaar   | Found Rety's Weapon Emporium.
  8533 | Bazaar   | Found Guicut's Jewellery Shoppe.
  8533 | Bazaar   | Found Hetzakh's Book Emporium.
  8555 | Bazaar   | Found Qydi Lywn's Armour Shoppe.
  8555 | Bazaar   | Found Webud's Magic Scroll Emporium.
  8597 | Bazaar   | Bought a +2 chain mail of cold resistance for 193 gold
                  | pieces
  8597 | Bazaar   | Bought a +2 pair of gloves of hurling for 193 gold pieces
  8618 | Bazaar   | Bought a scroll of blinking for 67 gold pieces
  8618 | Bazaar   | Bought a scroll of identify for 18 gold pieces
  8710 | D:11     | Noticed a cyclops
  8719 | D:11     | Killed a cyclops
  8720 | D:11     | Reached XP level 11. HP: 83/83 MP: 11/11
  8753 | D:11     | Reached skill level 16 in Polearms
  8974 | D:11     | Found a staircase to the Lair.
  8993 | D:11     | Reached skill level 5 in Dodging
  9009 | D:11     | Reached ***** piety under Trog
  9232 | D:11     | Found a runed translucent gate.
  9232 | D:11     | Found a runed translucent gate.
  9232 | D:11     | Found a runed translucent gate.
  9233 | D:11     | Found an opulent altar of Gozag.
  9233 | D:11     | Noticed an obsidian statue
  9234 | D:11     | Noticed a cyclops
  9234 | D:11     | Noticed BigDaddyOpFi's ghost (journeyman AtFi)
  9235 | D:11     | Found Curod's Assorted Antiques.
  9661 | D:11     | Killed a cyclops
  9667 | D:11     | Killed an obsidian statue
  9668 | D:11     | Reached skill level 17 in Polearms
  9668 | D:11     | Killed BigDaddyOpFi's ghost
  9881 | D:12     | Noticed a two-headed ogre
  9890 | D:12     | Killed a two-headed ogre
  9991 | D:12     | Noticed Urug
 10009 | D:12     | Killed Urug
 10079 | D:12     | Noticed a two-headed ogre
 10083 | D:12     | Killed a two-headed ogre
 10134 | D:12     | Reached skill level 20 in Polearms
 10134 | D:12     | Reached XP level 12. HP: 93/93 MP: 12/12
 10204 | D:12     | Noticed a two-headed ogre
 10207 | D:12     | Killed a two-headed ogre
 10208 | D:12     | Reached XP level 13. HP: 99/99 MP: 13/13
 10911 | D:9      | Identified the ring of Anarchy {*Corrode AC+4 Dex+3 SInv
                  | Stlth+}
 11179 | D:9      | Found a staircase to the Orcish Mines.
 11198 | D:9      | Found a bloodstained altar of Trog.
 11267 | D:9      | Found an opulent altar of Gozag.
 11613 | D:9      | Found a hazy altar of Hepliaklqana.
 11686 | Lair:1   | Entered Level 1 of the Lair of Beasts
 11754 | Lair:1   | Reached skill level 21 in Polearms
 11764 | Lair:1   | Reached skill level 1 in Evocations
 11968 | Lair:1   | Noticed Joseph
 11993 | Lair:1   | Killed Joseph
 12107 | Lair:1   | Noticed Erica
 12122 | Lair:1   | Killed Erica
 12328 | Lair:1   | Noticed Harold
 12346 | Lair:1   | Killed Harold
 12517 | Lair:1   | Reached skill level 10 in Fighting
 13081 | Lair:2   | Reached skill level 22 in Polearms
 13217 | Lair:2   | Identified the +1 robe of Spring {rElec Int+4}
 13425 | Lair:2   | Reached XP level 14. HP: 109/111 MP: 14/14
 14156 | Lair:3   | Found a staircase to the Shoals.
 14292 | Lair:3   | Found a hole to the Spider Nest.
 14297 | Lair:3   | Reached skill level 5 in Evocations
 15047 | Lair:4   | Reached skill level 23 in Polearms
 15396 | Lair:4   | Found a staircase to the Slime Pits.
 15952 | Lair:5   | Entered Level 5 of the Lair of Beasts
 16050 | Lair:5   | Received a gift from Trog
 16162 | Lair:5   | Noticed a dire elephant
 16174 | Lair:5   | Killed a dire elephant
 16405 | Lair:5   | Reached skill level 24 in Polearms
 16424 | Lair:5   | Identified the +10 trident of Plunder {freeze, rC+ Str+4
                  | Dex-2 Stlth+}
 16507 | Lair:5   | Reached XP level 15. HP: 121/121 MP: 15/15
 17768 | D:13     | Received a gift from Trog
 17953 | D:13     | Found a gate to the Vaults.
 18228 | D:14     | Reached skill level 10 in Throwing
 18254 | D:14     | Identified the +1 robe "Uxineas" {Rampage Str+4 Int+5
                  | Dex-2}
 18527 | D:14     | Found an iron altar of Okawaru.
 18838 | D:15     | Entered Level 15 of the Dungeon
 19380 | D:15     | Reached XP level 16. HP: 69/133 MP: 16/16
 19437 | D:15     | Found a staircase to the Depths.
 19787 | Orc:1    | Entered Level 1 of the Orcish Mines
 19867 | Orc:2    | Entered Level 2 of the Orcish Mines
 19872 | Orc:2    | Noticed Saint Roka
 20009 | Orc:2    | Killed Saint Roka
 20071 | Orc:2    | Received a gift from Trog
 20072 | Orc:2    | Noticed Erolcha
 20104 | Orc:2    | Killed Erolcha
 20118 | Orc:2    | Noticed Rupert
 20134 | Orc:2    | Killed Rupert
 20270 | Orc:1    | Noticed Jorgrun
 20277 | Orc:1    | Killed Jorgrun
 21344 | Orc:2    | Found Rupsamon's Antique Armour Shop.
 21344 | Orc:2    | Found Getuen's Distillery.
 21344 | Orc:2    | Found Zaukir Mastra's Assorted Antiques.
 21347 | Orc:2    | Found Lukhodd's Magic Scroll Boutique.
 21438 | Orc:2    | Found a staircase to the Elven Halls.
 21759 | Orc:2    | Bought an ichor-stained helmet for 332 gold pieces
 21759 | Orc:2    | Identified the +1 helmet of Bafuh {rCorr} (You bought it in
                  | a shop on level 2 of the Orcish Mines)
 21904 | D:11     | Bought an encrusted plate armour for 812 gold pieces
 21904 | D:11     | Identified the +5 plate armour of the Nexus {rPois Str+3
                  | Dex-3} (You bought it in a shop on level 11 of the Dungeon)
 22003 | Spider:1 | Entered Level 1 of the Spider Nest
 22047 | Spider:1 | Noticed Josephine
 22050 | Spider:1 | Reached skill level 15 in Fighting
 22054 | Spider:1 | Killed Josephine
 22054 | Spider:1 | Received a gift from Trog
 22328 | Spider:1 | Found a transporter.
 22334 | Spider:1 | Found a transporter.
 22345 | Spider:1 | Noticed Agnes
 22355 | Spider:1 | Killed Agnes
 22512 | Spider:1 | Noticed cforsyth's ghost (journeyman DEEE)
 22521 | Spider:1 | Noticed Asterion
 22535 | Spider:1 | Gained mutation: Your magical capacity is low. (-10% MP) [a
                  | cacodemon]
 22537 | Spider:1 | HP: 10/204 [Asterion/+1 demon blade of pain (1)]
 22539 | Spider:1 | HP: 4/204 [wolf spider (9)]
 22541 | Spider:1 | HP: 1/204 [Asterion/+1 demon blade of pain (5)]
 22542 | Spider:1 | Killed from afar by Asterion

Illustrated notes

Levels and vault maps discovered:
D:1:      giann_bridges, layout_basic, ebering_ecumenical_altar_webs
D:2:      layout_basic, basic_altar, uniq_jessica
D:3:      layout_loops_corners, serial_co_window_serial, co_window_paths_a,
          co_window_corner_a, co_window_corner_a, co_window_of_opportunity_a,
          co_window_paths_b, co_window_corner_a, co_window_corner_a,
          co_window_corner_ca, co_window_corner_b, co_window_broadway_b,
          co_window_broadway_c, co_window_corner_b, co_window_sun,
          glass_columns_b, glass_columns_c, glass_columns_a, glass_columns_a,
          minivault_19, grunt_decor_clamped, corexii_shack,
          dreamdust_wishing_well
D:4:      layout_loops_ring, minmay_temple_entry_stoned_glass
D:5:      layout_gridville, mainiacjoe_overflow_cross_hatched,
          gammafunk_ghost_arena, gup_sewer_entry_glass, minmay_misc_feat_chi,
          uniq_grinder, uniq_ijyb
D:6:      layout_cave_pools, kennysheep_mini
D:7:      layout_loops_cross, lemuel_tele_altar, overflow_temple_1_default,
          nicolae_ossuary_entry_monument, lightli_orcish_oven
D:8:      layout_loops_corners, nicolae_ru_awakened_eye, serial_rivers,
          chequers_serial_rivers_micro_a, chequers_serial_rivers_room_a,
          chequers_serial_rivers_micro_b, chequers_serial_rivers_micro_b,
          serial_shops, nicolae_shop_competitors_out_of_business, uniq_maurice,
          uniq_grum
D:9:      nzn_winding_woodlands_three_and_one
          [nzn_winding_woodlands_5x15_pathside_ponds,
          nzn_winding_woodlands_5x15_default,
          nzn_winding_woodlands_5x15_default,
          nzn_winding_woodlands_center_lodge], layout_stronghold,
          grunt_temple_overflow_open, mainiacjoe_overflow_swirl,
          chequers_arboretum
D:10:     layout_basic
D:11:     layout_basic, minmay_lair_entry_grove, serial_shops, freezing_bzr,
          ebering_ghost_gozag
D:12:     layout_rooms, chequers_serial_rivers_room_b, hangedman_decor_lopped,
          uniq_urug
D:13:     layout_rooms, david_vaults_5
D:14:     layout_roguey, small_statue_intersection, okawaru_altar_gauntlet_db
D:15:     grunt_enter_depths_magical_seal, layout_basic
Lair:1:   layout_gridlike, serial_bayou_shore_a, grunt_megastairs_4, uniq_erica,
          uniq_harold, uniq_joseph
Lair:2:   layout_cellular_growth, chequers_serial_rivers_large_b, st_stairs_4,
          roderic_batcave, cheibrodos_lair_lostbears
Lair:3:   layout_roguey, elwin_shoals_entry_rocks, spider_nest_entry_a,
          grunt_megastairs_5
Lair:4:   beast_lair_carwin_large_4, layout_loops_ring, dpeg_slime_entry_corner,
          lemuel_fruit_tree
Lair:5:   gammafunk_lair_ancient_temple, layout_cellular_growth,
          serial_bayou_lake_a
Spider:1: cheibrodos_forgotten_conduit, nzn_ghost_randoct, drop_trap,
          nicolae_spider_moth_buddies, uniq_asterion, uniq_agnes, uniq_josephine
Orc:1:    layout_diamond_mine, uniq_jorgrun
Orc:2:    st_orc_rangers, layout_diamond_mine, uniq_erolcha, uniq_rupert,
          uniq_saint_roka

Skill      XL: |  1  2  3  4  5  6  7  8  9 10 11 12 13 14 15 16 |
---------------+-------------------------------------------------+-----
Polearms       | 5 6 7 9 11 13 15 20 22 24 | 24.0
Armour         | 2 3 4 5 6 |  6.6
Fighting       | 4 5 6 8 10 12 14 15 | 15.3
Throwing       | 2 4 6 7 12 14 | 14.5
Dodging        | 4 7 8 |  8.0
Evocations     | 4 6 |  6.0

Action                     |  1- 3 |  4- 6 |  7- 9 | 10-12 | 13-15 | 16-18 || total
---------------------------+-------+-------+-------+-------+-------+-------++-------
  Melee: Spear             |   102 |     5 |       |       |       |       ||   107
         Punch             |     2 |     1 |     5 |       |     6 |       ||    14
         Battleaxe         |     2 |    39 |       |       |       |       ||    41
         Trident           |       |   127 |   421 |    10 |   440 |       ||   998
         Bardiche          |       |       |       |   193 |   673 |   296 ||  1162
         Glaive            |       |       |       |     4 |       |       ||     4
         Tailslap          |       |       |       |     1 |    17 |       ||    18
         Halberd           |       |       |       |       |    17 |       ||    17
  Throw: Stone             |       |     4 |    13 |    14 |    13 |    49 ||    93
         Dart              |       |       |       |    24 |   168 |     1 ||   193
         Javelin           |       |       |       |       |     3 |       ||     3
 Invoke: Berserk           |     2 |     3 |     8 |     1 |    10 |     7 ||    31
         Trog's Hand       |       |     3 |     2 |     3 |     7 |     5 ||    20
         Brothers in Arms  |       |       |       |     1 |       |       ||     1
  Evoke: Wand              |       |     3 |       |     7 |       |     4 ||    14
         Condenser vane    |       |       |       |       |     1 |     2 ||     3
    Use: Scroll            |       |     6 |     8 |    17 |       |       ||    31
         Potion            |       |     2 |       |     3 |       |     1 ||     6
   Stab: Sleeping          |     3 |       |       |       |     2 |       ||     5
         Invisible         |       |       |       |     1 |       |       ||     1
         Confused          |       |       |       |       |       |     3 ||     3
         Distracted        |       |       |       |       |       |     1 ||     1
 Armour: Animal skin       |    13 |     1 |       |       |       |       ||    14
         Plate armour      |       |   132 |     1 |       |       |   159 ||   292
         Leather armour    |       |     6 |       |       |       |       ||     6
         Skin              |       |    20 |       |       |       |       ||    20
         Scale mail        |       |       |   205 |    83 |       |       ||   288
         Chain mail        |       |       |       |    32 |       |       ||    32
         Ring mail         |       |       |       |     3 |   309 |   107 ||   419
  Dodge: Dodged            |    36 |    42 |   194 |   110 |   464 |   252 ||  1098

Table legend: (Time is in decaauts)
 A = Elapsed time spent in this place.
 B = Non-inter-level travel time spent in this place.
 C = Inter-level travel time spent in this place.
 D = Time resting spent in this place.
 E = Time spent auto-exploring this place.
 F = Levels seen in this place.
 G = Mean time per level.
                   A        B        C        D        E       F      G
               +--------+--------+--------+--------+--------+-----+--------+
         Total |  22138 |  20621 |   1517 |   2306 |  13823 |  26 |  851.5 |
       Dungeon |  12885 |  11882 |   1003 |    742 |   8615 |  15 |  859.0 |
          Lair |   5689 |   5330 |    359 |    535 |   3737 |   5 | 1137.8 |
   Spider Nest |    534 |    534 |      0 |     88 |    173 |   1 |  534.0 |
  Orcish Mines |   2048 |   1895 |    153 |    658 |    917 |   2 | 1024.0 |
        Bazaar |    180 |    180 |      0 |      0 |    121 |   1 |  180.0 |
         Sewer |    634 |    634 |      0 |    207 |    228 |   1 |  634.0 |
       Ossuary |    165 |    165 |      0 |     73 |     30 |   1 |  165.0 |
               +--------+--------+--------+--------+--------+-----+--------+

Top non-repeatable levels by time:
    D:11: 1488 daAuts
  Lair:5: 1301 daAuts
   Orc:2: 1200 daAuts
     D:3: 1199 daAuts
  Lair:1: 1188 daAuts
  Lair:4: 1161 daAuts
  Lair:2: 1159 daAuts
     D:9: 1077 daAuts
     D:8: 1040 daAuts
     D:7: 966 daAuts
    D:10: 922 daAuts
  Lair:3: 879 daAuts
   Orc:1: 848 daAuts
    D:15: 823 daAuts
     D:1: 809 daAuts
